 Dungeon Crawl Stone Soup version 0.20.1-1-g8b1a95d (webtiles) character file.

973 letownia2 the Reanimator (level 7, 0/62 HPs)
             Began as a Deep Dwarf Necromancer on Nov 25, 2017.
             Was an Initiate of Gozag.
             Slain by a wight
             ... wielding a +4 mace
              (2 damage)
             ... on level 6 of the Dungeon.
             The game lasted 00:10:12 (4610 turns).

letownia2 the Reanimator (Deep Dwarf Necromancer)   Turns: 4610, Time: 00:10:13

Health: 0/62       AC:  5    Str: 12    XL:     7   Next: 94%
Magic:  13/13      EV: 10    Int: 17    God:    Gozag
Gold:   568        SH:  0    Dex: 13    Spells: 10/14 levels left

rFire    + . .     SeeInvis .   a - +3 mace
rCold    x . .     Gourm    .   (no shield)
rNeg     . . .     Faith    .   o - +0 ring mail (curse)
rPois    .         Spirit   .   (no helmet)
rElec    .         Reflect  .   (no cloak)
rCorr    +         Harm     .   (no gloves)
MR       +....                  (no boots)
Stlth    +.........             (no amulet)
Regen    0.0/turn               t - ring of resist corrosion
MPRegen  0.2/turn               A - ring of fire

@: non-regenerating, heavily drained
A: damage resistance, heal wounds, sense surroundings 1, no regeneration
a: Heal Wounds, Potion Petition, Call Merchant, Bribe Branch, Renounce Religion


You were on level 6 of the Dungeon.
You worshipped Gozag.
Gozag was pleased with you.
You were not hungry.

You visited 2 branches of the dungeon, and saw 7 of its levels.

You collected 651 gold pieces.
You paid 83 gold pieces to Gozag.

Inventory:

Hand Weapons
 a - a +3 mace (weapon)
 q - a +0 mace of draining
 w - a +0 war axe
Armour
 o - a cursed +0 ring mail (worn)
 E - a +0 buckler
Magical Staves
 h - an uncursed staff of summoning {unknown}
Jewellery
 t - a ring of resist corrosion (left hand)
 A - a ring of fire (right hand)
Wands
 r - a wand of polymorph (8/24)
Scrolls
 c - a scroll of brand weapon {unknown}
 d - 4 scrolls of teleportation {unknown}
 f - 5 scrolls of amnesia {unknown}
 j - a scroll of noise {unknown}
 k - 5 scrolls of identify {unknown}
 m - 5 scrolls of remove curse {unknown}
 n - a scroll of blinking {unknown}
 u - 2 scrolls of magic mapping {unknown}
 y - a scroll of fog {unknown}
 z - a scroll of fear {unknown}
 C - a scroll of enchant armour {unknown}
 F - a scroll of immolation {unknown}
Potions
 e - 3 potions of curing {unknown}
 g - a potion of heal wounds {unknown}
 i - 3 potions of flight {unknown}
 p - a potion of magic {unknown}
 s - a potion of brilliance {unknown}
 x - a potion of mutation {unknown}
Books
 b - a book of Necromancy

   Spells                             Type                      Level
   a - Pain                           Necromancy                   1
   b - Animate Skeleton               Necromancy                   1
   c - Vampiric Draining              Necromancy                   3
   d - Regeneration                   Charms/Necromancy            3
   e - Animate Dead                   Necromancy                   4
   f - Control Undead                 Necromancy                   4
 l - a book of Minor Magic

   Spells                             Type                      Level
   a - Magic Dart                     Conjuration                  1
   b - Blink                          Translocation                2
   c - Call Imp                       Summoning                    2
   d - Slow                           Hexes                        2
   e - Conjure Flame                  Conjuration/Fire             3
   f - Mephitic Cloud                 Conjuration/Poison/Air       3
Comestibles
 v - 3 bread rations
 B - 3 fruits
 D - a royal jelly
 G - a meat ration


   Skills:
 - Level 3.0(1.5) Fighting
 - Level 2.7(1.2) Armour
 - Level 2.1(0.7) Dodging
 - Level 2.4(0.9) Stealth
 + Level 4.4(2.9) Spellcasting
 - Level 8.1(6.4) Necromancy


You had 10 spell levels left.
You knew the following spells:

 Your Spells              Type           Power        Failure   Level  Hunger
a - Pain                  Necr           ###.         3%          1    #......
v - Vampiric Draining     Necr           ###.......   9%          3    ###....


Dungeon Overview and Level Annotations

Branches:
Dungeon (6/15)             Temple (1/1) D:5

Altars:
Ashenzari
Cheibriados
Dithmenos
Elyvilon
Fedhas
Gozag
Hepliaklqana
Kikubaaqudgha
Makhleb
Nemelex Xobeh
Okawaru
Qazlal
Ru
Sif Muna
Trog
Uskayaw
Vehumet
Xom
Yredelemnul
Zin
The Shining One

Annotations:
D:3 Gremour's ghost, amateur OgMo


Innate Abilities, Weirdness & Mutations

You are resistant to damage.
You can heal yourself by infusing magical energy.
You passively map a small area around you.
You do not regenerate.


Message History

Okay, then.
Evoke which item? (* to show all) (? for menu, Esc to quit)
Aiming: Polymorph (will waste charges)
Press: ? - help, Shift-Dir - straight line, f - wight
Aim: a wight, wielding an enchanted mace and wearing a robe (heavily damaged, chance to defeat MR: 46%)
The wight is unaffected.
Evoking this partially-identified wand wasted a few charges.
The wight hits you but does no damage.
Unknown command.
Unknown command.
You hit the wight but do no damage.
The wight is heavily damaged.
The wight closely misses you.
You barely miss the wight.
The wight is heavily damaged.
The wight hits you with an enchanted mace!
* * * LOW HITPOINT WARNING * * *
You feel drained.
You die...
Your body crumbles into a pile of gold.

............####..#.......
,..........#....#..........
*
..........#....##.#.......
*
......#####...............
......#####.....#.##......
*
.............>..#.##.....#
..._?...........#.##.....#
........z.......#.##.....#
,
.........@......#.###.....
, ................#.#
###### ...)..............#
#.... #####............<#
#.###
#.............####.###
#...........#.##...##.
#...........#.##.####.
###########.#>........
#.#.###...#.


You could see a wight.

Vanquished Creatures
  Duvessa (D:5)
  2 ogres (D:4)
  Blork the orc (D:5)
  Dowan (D:5)
  2 scorpions (D:4)
  A crimson imp (D:5)
  A hound (D:4)
  3 orc priests
  A bullfrog skeleton (D:4)
  2 orc wizards
  2 worker ants
  A hound zombie (D:6)
  13 adders
  2 worms (D:2)
  A dart slug (D:2)
  2 leopard geckos (D:1)
  13 orcs
  A ball python (D:3)
  2 giant cockroaches
  6 goblins
  7 hobgoblins
  2 jackals (D:2)
  3 kobolds (D:2)
  3 quokkas
  6 bats
  5 frilled lizards
  A quokka skeleton (D:4)
  5 rats
90 creatures vanquished.

Notes
Turn   | Place    | Note
-------+----------+-------------------------------------------
     0 | D:1      | letownia2 the Deep Dwarf Necromancer began the quest for the Orb.
     0 | D:1      | Reached XP level 1. HP: 15/15 MP: 3/3
    51 | D:2      | Reached XP level 2. HP: 20/22 MP: 0/5
   223 | D:3      | Reached XP level 3. HP: 26/28 MP: 1/6
   228 | D:3      | Learned a level 3 spell: Vampiric Draining
   460 | D:4      | Noticed a scorpion
   467 | D:4      | Killed a scorpion
   467 | D:4      | Reached skill level 5 in Necromancy
   467 | D:4      | Reached XP level 4. HP: 29/36 MP: 0/8
   638 | D:4      | Noticed an ogre
   740 | D:4      | Reached skill level 1 in Armour
   740 | D:4      | Reached XP level 5. HP: 27/42 MP: 3/9
   908 | D:4      | Killed an ogre
   908 | D:4      | Reached skill level 6 in Necromancy
  1180 | D:4      | Noticed an ogre
  1184 | D:4      | Killed an ogre
  1184 | D:4      | Reached skill level 7 in Necromancy
  1184 | D:4      | Reached XP level 6. HP: 32/49 MP: 1/10
  1597 | D:4      | Reached skill level 8 in Necromancy
  1634 | D:5      | Entered Level 5 of the Dungeon
  1660 | D:5      | Reached XP level 7. HP: 50/55 MP: 6/11
  1663 | D:5      | Found a staircase to the Ecumenical Temple.
  1680 | Temple   | Entered the Ecumenical Temple
  1705 | Temple   | Became a worshipper of Gozag Ym Sagoz the Greedy
  1829 | D:5      | Reached skill level 1 in Fighting
  2056 | D:5      | Noticed Blork the orc
  2068 | D:5      | Killed Blork the orc
  2120 | D:5      | Noticed Duvessa
  2121 | D:5      | Noticed Dowan
  2430 | D:5      | Killed Duvessa
  2431 | D:5      | Killed Dowan
  2626 | D:3      | Noticed Gremour's ghost (amateur OgMo)
  4589 | D:6      | Found a glowing golden altar of the Shining One.
  4610 | D:6      | HP: 2/62 [wight/enchanted mace (6)]
  4610 | D:6      | Slain by a wight

Skill      XL: |  1  2  3  4  5  6  7 |
---------------+----------------------+-----
Spellcasting   | 2 3 4 |  4.4
Necromancy     | 5 7 8 |  8.1
Armour         | 1 2 |  2.7
Fighting       | 3 |  3.0
Dodging        | |  2.1
Stealth        | |  2.4

Action                   |  1- 3 |  4- 6 |  7- 9 || total
-------------------------+-------+-------+-------++-------
Melee: Mace              |     3 |    32 |    44 ||    79
 Cast: Pain              |    18 |    34 |   116 ||   168
       Vampiric Draining |       |    14 |    15 ||    29
Evoke: Wand              |       |       |     1 ||     1
  Eat: Chunk             |       |     4 |     1 ||     5
       Meat ration       |       |       |     1 ||     1
       Bread ration      |       |       |     1 ||     1
Armor: Robe              |     1 |       |       ||     1
       Ring mail         |       |    19 |    33 ||    52
Dodge: Dodged            |     4 |    34 |    52 ||    90
